 Dungeon Crawl Stone Soup version 0.23-a0-358-g98c7a59 (webtiles) character file.

696 Mgcat the Chopper (level 7, -3/39 HPs)
             Began as a Vine Stalker Fighter on Oct 19, 2018.
             Was a Follower of Ashenzari.
             Slain by an ogre
             ... wielding a cursed -3 giant club
              (6 damage)
             ... on level 5 of the Dungeon on Oct 22, 2018.
             The game lasted 00:09:15 (3153 turns).

Mgcat the Chopper (Vine Stalker Fighter)            Turns: 3153, Time: 00:09:15

Health: -3/39      AC:  8    Str: 20 (21) XL:     7   Next: 64%
Magic:  0/8        EV:  5    Int:  8      God:    Ashenzari [*.....]
Gold:   169        SH: 10    Dex: 11      Spells: 6/6 levels left

rFire    . . .     SeeInvis .   a - +1 war axe
rCold    + . .     Gourm    .   c - +1 shield
rNeg     . . .     Faith    .   d - +0 chain mail
rPois    .         Spirit   +   (no helmet)
rElec    .         Reflect  .   (no cloak)
rCorr    .         Harm     .   (no gloves)
MR       .....                  (no boots)
Stlth    ..........             (no amulet)
HPRegen  0.53/turn              o - ring of protection from cold {rC+, !d}
MPRegen  0.11/turn              (no ring)

@: no status effects
A: fangs 2, talons 1, clumsy 1, regeneration 1, wild magic 1, magic shield,
antimagic bite, no potion heal 3, rot immunity
a: Curse Item, Scrying, Renounce Religion


You were on level 5 of the Dungeon.
You worshipped Ashenzari.
Ashenzari was aware of your devotion.
You were not hungry.

You visited 1 branch of the dungeon, and saw 5 of its levels.

You collected 169 gold pieces.

Inventory:

Hand Weapons
 a - a +1 war axe (weapon)
Armour
 c - a +1 shield (worn)
 d - a +0 chain mail (worn)
   (You took it off a hobgoblin on level 2 of the Dungeon)
Jewellery
 o - a ring of protection from cold (left hand) {rC+, !d}
   (You found it on level 2 of the Dungeon)
 u - an uncursed ring of ice {rC+, rF-}
   (You found it on level 3 of the Dungeon)
Wands
 n - a wand of polymorph (14)
   (You took it off Ijyb on level 3 of the Dungeon)
Scrolls
 e - a scroll of enchant armour
 k - 6 scrolls of identify
 m - 2 scrolls of fear
Potions
 v - 2 potions of degeneration {!q}
Comestibles
 f - 13 rations


   Skills:
 - Level 5.0 Fighting
 + Level 6.3 Axes
 - Level 2.4 Armour
 - Level 2.6 Shields


You had 6 spell levels left.
You didn't know any spells.
Your spell library was empty.

Dungeon Overview and Level Annotations

Branches:
Dungeon (5/15)
 Temple: D:4-7

Altars:
Ashenzari
Dithmenos
Nemelex Xobeh
The Shining One


Innate Abilities, Weirdness & Mutations

You have extremely sharp teeth.
Your natural rate of healing is unusually fast.
When hurt, damage is shared between your health and your magic reserves.
Your bite disrupts and absorbs the magic of your enemies.
Potions cannot restore your health.
You are immune to rotting.
You have sharp toenails.
You are clumsy. (Dex -2)
Your spells are a little harder to cast, but a little more powerful.


Message History

You continue putting on your +0 chain mail. x5
You finish putting on your +0 chain mail.
Drop what? 12/52 slots (_ for help) (? for menu, Esc to quit)
You drop a +0 scale mail.
(D) Dungeon
Where to? (Enter - D:2 @ (x,y), ? - help)
What level of the Dungeon? (default 1, ? - help)
There is a stone staircase leading down here.
You climb downwards.
There is a stone staircase leading up here.
There is an open door here.
There is a stone staircase leading down here.
You climb downwards.
There is a stone staircase leading up here.
There is a stone staircase leading down here.
You climb downwards.
Marking area around the jelly as unsafe for travelling.
A jelly comes into view.
The jelly quivers.
There is a stone staircase leading up here.
Unknown command.
Unknown command.
The jelly hits you but does no damage.
You hit the jelly.
Your hands burn!
You claw the jelly, but do no damage. You bite the jelly. You drain its power.
You feel invigorated.
The jelly is heavily wounded.
You block the jelly's attack. The jelly barely misses you.
You slash the jelly!
Your hands burn!
You claw the jelly.
You kill the jelly!
No target in view!
k - 6 scrolls of identify (gained 1)
An ice beast comes into view.
You slash the ice beast!
The ice beast is moderately wounded.
The ice beast hits you but does no damage.
You hit the ice beast.
The ice beast is moderately wounded.
You block the ice beast's attack.
The ice beast hits you but does no damage.
You hit the ice beast. Your kick misses the ice beast.
You bite the ice beast, but do no damage.
The ice beast is heavily wounded.
The ice beast closely misses you.
You hit the ice beast. Your bite misses the ice beast.
The ice beast is heavily wounded.
The ice beast hits you but does no damage.
You completely miss the ice beast. You claw the ice beast.
The ice beast is severely wounded.
The ice beast barely misses you. You block the ice beast's attack.
You hit the ice beast. You bite the ice beast. You drain its power.
The ice beast is almost dead.
The ice beast hits you but does no damage.
You barely miss the ice beast. You bite the ice beast.
You kill the ice beast!
You feel your strength returning.
Your Axes skill increases to level 6!
No target in view!
No target in view!
An ogre comes into view. It is wielding a -3 giant club.
The ogre shouts!
A bullfrog skeleton comes into view.
You hit the ogre. You bite the ogre. You drain its power.
The ogre is lightly wounded.
The ogre hits you with a cursed -3 giant club!!
Ouch! That really hurt!
You are too injured to fight recklessly!
Your shield and chain mail prevent you from hitting the ogre.
You claw the ogre. You bite the ogre. You drain its power.
You feel invigorated.
The ogre is moderately wounded.
Your chain mail prevents you from hitting the bullfrog skeleton.
You block the bullfrog skeleton's attack.
The ogre hits you with a cursed -3 giant club.
You block the bullfrog skeleton's attack.
You hit the ogre.
The ogre is moderately wounded.
You hit the bullfrog skeleton.
The bullfrog skeleton barely misses you.
You block the ogre's attack.
You hit the ogre. You claw the ogre, but do no damage.
The ogre is heavily wounded.
Your shield and chain mail prevent you from hitting the bullfrog skeleton.
You block the bullfrog skeleton's attack.
The bullfrog skeleton hits you but does no damage.
The ogre hits you with a cursed -3 giant club!
* * * LOW HITPOINT WARNING * * *
You barely miss the ogre.
The ogre is heavily wounded.
You hit the bullfrog skeleton.
You block the bullfrog skeleton's attack.
The ogre closely misses you.
You block the bullfrog skeleton's attack.
Unknown command.
You barely miss the ogre. Your kick misses the ogre. You bite the ogre!
You drain its power.
You feel invigorated.
The ogre is almost dead.
You slash the bullfrog skeleton!
The bullfrog skeleton hits you but does no damage.
The ogre hits you with a cursed -3 giant club!
You die...

#.........# #
#.........# #.
#.........# ...
#.........# ....
#.........# .....
#.........###
#.....####...........
#.......Z#.........#
........O@.........## ..
.......#............#...
..................#.....
........................
##...#########..<####..
#..#. ##..# ..##. #...
##... #....


You could see an ogre and a bullfrog skeleton.

Vanquished Creatures
  A sky beast (D:4)
  An ice beast (D:5)
  An orc priest (D:4)
  A jelly (D:5)
  2 hounds (D:4)
  3 centaur skeletons (D:4)
  A bullfrog skeleton (D:4)
  Ijyb (D:3)
  2 iguanas (D:4)
  An orc wizard (D:4)
  A howler monkey skeleton (D:4)
  2 adders (D:4)
  2 river rats (D:3)
  An ooze (D:4)
  5 worms
  2 dart slugs
  2 leopard geckos (D:4)
  8 orcs
  4 ball pythons
  5 bats
  3 giant cockroaches
  7 hobgoblins
  8 jackals
  10 kobolds
  2 quokkas
  4 frilled lizards
  14 goblins
  21 rats
115 creatures vanquished.

Notes
Turn   | Place    | Note
-------+----------+-------------------------------------------
     0 | D:1      | Mgcat the Vine Stalker Fighter began the quest for the Orb.
     0 | D:1      | Reached XP level 1. HP: 11/11 MP: 2/2
     6 | D:1      | Reached skill level 2 in Axes
    12 | D:1      | Reached XP level 2. HP: 12/16 MP: 3/3
    12 | D:1      | Reached skill level 3 in Fighting
   191 | D:1      | Reached XP level 3. HP: 20/20 MP: 4/4
   632 | D:2      | Found a sparkling altar of Nemelex Xobeh.
   864 | D:2      | Gained mutation: Your natural rate of healing is unusually
                  | fast. [Vine Stalker growth]
   864 | D:2      | Reached XP level 4. HP: 23/25 MP: 5/5
   872 | D:2      | Reached skill level 3 in Axes
   876 | D:2      | Found a shattered altar of Ashenzari.
  1018 | D:2      | Found a shadowy altar of Dithmenos.
  1142 | D:2      | Found a faded altar of an unknown god.
  1297 | D:2      | Found a glowing golden altar of the Shining One.
  1474 | D:2      | Became a worshipper of Ashenzari the Shackled
  1474 | D:2      | Reached * piety under Ashenzari
  1539 | D:3      | Noticed Ijyb
  1551 | D:3      | Killed Ijyb
  1551 | D:3      | Reached skill level 4 in Fighting
  1943 | D:3      | Reached XP level 5. HP: 26/29 MP: 3/6
  2183 | D:3      | HP: 6/29 [river rat (6)]
  2185 | D:3      | HP: 1/29 [river rat (6)]
  2192 | D:3      | HP: 1/29 [river rat (2)]
  2419 | D:4      | Reached skill level 4 in Axes
  2419 | D:4      | HP: 6/30 [orc priest/divine providence (9)]
  2424 | D:4      | HP: 5/30 [hound (1)]
  2425 | D:4      | Reached XP level 6. HP: 6/34 MP: 5/7
  2429 | D:4      | HP: 8/34 [orc priest/+1 vampiric whip (1)]
  2434 | D:4      | HP: 7/35 [worm (4)]
  2507 | D:4      | Noticed a sky beast
  2513 | D:4      | Reached skill level 5 in Fighting
  2521 | D:4      | Gained mutation: You are clumsy. (Dex -2) [potion of
                  | mutation]
  2521 | D:4      | Gained mutation: Your spells are a little harder to cast,
                  | but a little more powerful. [potion of mutation]
  2521 | D:4      | Gained mutation: You have sharp toenails. [potion of
                  | mutation]
  2575 | D:4      | HP: 7/35 [something (5)]
  2575 | D:4      | HP: 2/35 [something (4)]
  2677 | D:4      | Upgraded the game from 0.23-a0-344-ge122d05 to
                  | 0.23-a0-358-g98c7a59
  2756 | D:4      | Killed a sky beast
  2756 | D:4      | Reached skill level 5 in Axes
  2756 | D:4      | Reached XP level 7. HP: 39/39 MP: 8/8
  3116 | D:5      | Entered Level 5 of the Dungeon
  3141 | D:5      | Reached skill level 6 in Axes
  3151 | D:5      | HP: 2/39 [ogre/cursed -3 giant club (14)]
  3153 | D:5      | Slain by an ogre

Vault maps used:
D:1:      erik_arrival_orb_chamber
D:2:      nemelex_altar_shiori, tso_oasis_becter, nicolae_ashenzari_panopticon,
          nicolae_dithmenos_through_a_glass_darkly, first_ration,
          chequers_ecumenical_altar_simple
D:3:      portal_sewer_entry_b, minivault_23, minmay_quantized, uniq_ijyb
D:4:      kennysheep_generic_room_4
D:5:      minmay_crystal_water, kennysheep_generic_room_5, uniq_duvessa,
          uniq_edmund, uniq_prince_ribbit1

Skill      XL: |  1  2  3  4  5  6  7 |
---------------+----------------------+-----
Axes           | 2 3 4 5 6 |  6.3
Fighting       | 3 4 5 |  5.0
Armour         | |  2.4
Shields        | |  2.6

Action                   |  1- 3 |  4- 6 |  7- 9 || total
-------------------------+-------+-------+-------++-------
Melee: War axe           |   100 |   226 |    32 ||   358
       Bite              |    28 |    49 |     8 ||    85
       Unarmed           |       |     4 |       ||     4
       Kick              |       |     4 |     9 ||    13
  Use: Potion            |       |     9 |       ||     9
       Scroll            |       |     6 |       ||     6
 Stab: Confused          |       |     1 |       ||     1
  Eat: Chunk             |       |     7 |     1 ||     8
Armor: Scale mail        |    39 |    89 |     6 ||   134
       Chain mail        |       |       |     7 ||     7
Dodge: Dodged            |    33 |    60 |    15 ||   108
Block: Shield            |    44 |   118 |    15 ||   177

Table legend:
 A = Non-vault XP
 B = Vault XP
 C = Vault XP percentage of total XP
 D = Non-vault monster count
 E = Vault monster count
 F = Vault count percentage of total count
                 A         B        C        D         E       F
            +---------+---------+-------+---------+---------+-------
      Total |     819 |     176 |  17.7 |      89 |      26 |  22.6
            +---------+---------+-------+---------+---------+-------
        D:1 |      54 |      12 |  18.2 |      30 |      12 |  28.6
        D:2 |      51 |       0 |   0.0 |      26 |       0 |   0.0
        D:3 |       7 |      80 |  92.0 |       5 |      12 |  70.6
        D:4 |     535 |      84 |  13.6 |      26 |       2 |   7.1
        D:5 |     172 |       0 |   0.0 |       2 |       0 |   0.0
            +---------+---------+-------+---------+---------+-------

Vault maps used:
D:1:      erik_arrival_orb_chamber
D:2:      nemelex_altar_shiori, tso_oasis_becter, nicolae_ashenzari_panopticon,
          nicolae_dithmenos_through_a_glass_darkly, first_ration,
          chequers_ecumenical_altar_simple
D:3:      portal_sewer_entry_b, minivault_23, minmay_quantized, uniq_ijyb
D:4:      kennysheep_generic_room_4
D:5:      minmay_crystal_water, kennysheep_generic_room_5, uniq_duvessa,
          uniq_edmund, uniq_prince_ribbit1

Table legend:
 A = Turns spent in this place as a percentage of turns spent in the entire game.
 B = Non-inter-level travel turns spent in this place as a percentage of non-inter-level travel turns spent in the entire game.
 C = Inter-level travel turns spent in this place as a percentage of turns spent in this place.
 D = Turns resting spent in this place as a percentage of non-inter-level travel turns spent in this place.
 E = Turns spent auto-exploring this place as a percentage of non-inter-level travel turns spent in this place.
 F = Non-inter-level travel turns spent in this place divided by the number of levels of this place that you've seen.
                   A       B       C       D       E      F
               +-------+-------+-------+-------+-------+----------------------
         Total | 100.0 | 100.0 |   6.9 |   0.7 |  75.0 | 587.2
       Dungeon | 100.0 | 100.0 |   6.9 |   0.7 |  75.0 | 587.2
               +-------+-------+-------+-------+-------+----------------------

Table legend:
 A = Kills in this place as a percentage of kills in entire the game.
 B = Kills by you in this place as a percentage of kills by you in the entire game.
 C = Kills by friends in this place as a percentage of kills by friends in the entire game.
 D = Other kills in this place as a percentage of other kills in the entire game.
 E = Experience gained in this place as a percentage of experience gained in the entire game.
 F = Experience gained in this place divided by the number of levels of this place that you have seen.
                   A       B       C       D       E      F
               +-------+-------+-------+-------+-------+----------------------
         Total | 100.0 | 100.0 |   N/A |   N/A | 100.0 | 199.0
       Dungeon | 100.0 | 100.0 |   N/A |   N/A | 100.0 | 199.0
               +-------+-------+-------+-------+-------+----------------------
